 Dungeon Crawl Stone Soup version 0.27-a0-1189-gb8eb6cee8e (webtiles) character file.

Game seed: 6213258550460925277

53 polve the Cutter (level 3, 0/26 (29) HPs)
             Began as a Demonspawn Fighter on May 22, 2021.
             Slain by a necrophage (4 damage)
             ... on level 4 of the Dungeon.
             The game lasted 00:01:01 (1794 turns).

polve the Cutter (Demonspawn Fighter)               Turns: 1794, Time: 00:01:02

HP:   0/26 (29)     AC:  6    Str: 16    XL:     3   Next: 64%
MP:   3/3           EV: 12    Int:  9    God:
Gold: 75            SH:  8    Dex: 13    Spells: 2/2 levels left

rFire    . . .     SeeInvis .   a - +0 rapier
rCold    . . .     Faith    .   c - +0 kite shield
rNeg     . . .     Spirit   .   b - +0 scale mail
rPois    .         Reflect  .   (no helmet)
rElec    .         Harm     .   (no cloak)
rCorr    .         Rampage  .   (no gloves)
Will     .....                  (no boots)
Stlth    ..........             (no amulet)
HPRegen  0.08/turn              f - +4 ring of evasion
MPRegen  0.08/turn              (no ring)

@: heavily drained
A: claws 1, repulsion field 1
a: no special abilities


You were on level 4 of the Dungeon.
You visited 1 branch of the dungeon, and saw 3 of its levels.

You collected 75 gold pieces.

Inventory:

Hand Weapons
 a - a +0 rapier (weapon)
Armour
 b - a +0 scale mail (worn)
 c - a +0 kite shield (worn)
Jewellery
 f - a +4 ring of evasion (left claw)
 g - a ring of see invisible
Scrolls
 j - a scroll of torment {unknown}
Potions
 d - a potion of might
 e - a potion of ambrosia {unknown}
 h - a potion of curing {unknown}
 i - a potion of heal wounds {unknown}


   Skills:
 - Level 3.0 Fighting
 + Level 3.7 Short Blades
 - Level 2.6 Armour
 - Level 2.6 Shields


You had 2 spell levels left.
You didn't know any spells.
Your spell library was empty.

Dungeon Overview and Level Annotations

Branches:
Dungeon (2/15)

Altars:


Innate Abilities, Weirdness & Mutations

You have sharp fingernails.
You are surrounded by a mild repulsion field. (EV +2)


Message History

You open the door.
There is an open door here.
A hobgoblin comes into view.
The hobgoblin shouts!
A hobgoblin is nearby!
A hobgoblin is nearby!
A hobgoblin is nearby!
A hobgoblin is nearby!
A necrophage comes into view.
Found an escape hatch in the ceiling.
You puncture the hobgoblin!
You kill the hobgoblin!
The necrophage hits you.
You feel drained. You block the necrophage's attack. The necrophage hits you.
The necrophage closely misses you. The necrophage barely misses you.
The necrophage hits you. The necrophage hits you.
You feel drained. You block the necrophage's attack.
The necrophage barely misses you. The necrophage misses you.
The necrophage barely misses you. The necrophage hits you.
The necrophage barely misses you. The necrophage hits you.
* * * LOW HITPOINT WARNING * * *
The necrophage hits you but does no damage.
The necrophage hits you but does no damage.
The necrophage hits you.
* * * LOW HITPOINT WARNING * * *
You feel drained.
* * * LOW HITPOINT WARNING * * *
You block the necrophage's attack. You block the necrophage's attack.
You block the necrophage's attack. You block the necrophage's attack.
The necrophage hits you but does no damage.
The necrophage hits you.
You die...

#...........'........
#...........#[.......
#...........#######'#
+....................
#......#####.........
#......# #.........
#!.....+ #.........
#......# #.....####
#...@..# #.....#..#
#...n..# ####+##..'
#......# #.......#
........# #.......#
..........# #.......#
..........# #.......#
....<.....# #.......#
..........# #...##..#
######...##..#


You could see a necrophage.

Vanquished Creatures
  An iguana (D:4)
  An orc (D:4)
  A ball python (D:1)
  3 giant cockroaches
  4 goblins (D:1)
  3 hobgoblins
  4 jackals (D:1)
  2 kobolds
  4 bats (D:1)
  2 frilled lizards (D:1)
  A rat (D:1)
26 creatures vanquished.

Notes
Turn   | Place    | Note
-------+----------+-------------------------------------------
     0 | D:1      | polve the Demonspawn Fighter began the quest for the Orb.
     0 | D:1      | Reached XP level 1. HP: 18/18 MP: 1/1
   447 | D:1      | Gained mutation: You have sharp fingernails. [demonic
                  | ancestry]
   447 | D:1      | Reached XP level 2. HP: 24/24 MP: 2/2
  1310 | D:2      | You fall into a shaft and drop 2 floors!
  1371 | D:4      | Gained mutation: You are surrounded by a mild repulsion
                  | field. (EV +2) [demonic ancestry]
  1371 | D:4      | Reached XP level 3. HP: 17/29 MP: 3/3
  1768 | D:4      | Noticed a necrophage
  1794 | D:4      | Slain by a necrophage

Illustrated notes

Levels and vault maps discovered:
D:1:      wander_arrival_peaceful_grave, layout_loops_corners,
          minmay_misc_feat_nine_boxes
D:2:      layout_loops_ring, chequers_serial_rivers_room_b
D:4:      layout_gridville, minitemple, serial_shops, shop

Skill      XL: |  1  2 |
---------------+-------+-----
Short Blades   | 2 3 |  3.7
Fighting       | |  3.0
Armour         | |  2.6
Shields        | |  2.6

Action                   || total
-------------------------++-------
Melee: Rapier            ||    86
Armor: Scale mail        ||    73
Dodge: Dodged            ||    95
Block: Kite shield       ||    79

Table legend: (Time is in decaauts)
 A = Elapsed time spent in this place.
 B = Non-inter-level travel time spent in this place.
 C = Inter-level travel time spent in this place.
 D = Time resting spent in this place.
 E = Time spent auto-exploring this place.
 F = Levels seen in this place.
 G = Mean time per level.
                   A        B        C        D        E       F      G
               +--------+--------+--------+--------+--------+-----+--------+
         Total |   1820 |   1785 |     35 |      0 |   1443 |   3 |  606.7 |
       Dungeon |   1820 |   1785 |     35 |      0 |   1443 |   3 |  606.7 |
               +--------+--------+--------+--------+--------+-----+--------+

Top non-repeatable levels by time:
     D:1: 1234 daAuts
     D:4: 487 daAuts
     D:2: 98 daAuts
